AoeStats
← c0912105532

Arena

507683400Analyzed
2v2 RM · 12d ago on Sep 19, 2026· 53m 59s· 4 players
Game mode
Random Map
Map size
Medium (4 player)
Population
200
Speed
Normal
Resources
Standard
Victory
Conquest
Starting age
Dark Age
Ending age
Imperial Age
RankedLock teamsTeams togetherTeam positionsShared explorationLock speedFull tech treeHidden civsTurbo modeCheats
Victory
Defeat
🇹🇼 Britons · Taiwan
1281
+13
🇹🇼 Berbers · Taiwan
1258
+14
🇫🇷 Vikings · France
1248
-14
🇸🇪 Turks · Sweden
1201
-13
Simooon7567
9:59 Feudal Age
10:27 Loom
14:13 Castle Age
12:41 Double-Bit Axe
15:46 Bow Saw
25:25 Imperial Age
23:06 Gold Mining
23:57 Fletching
24:47 Bodkin Arrow
34:45 Padded Archer Armor
38:14 Ballistics
38:26 Forging
38:50 Scale Barding Armor
39:30 Bloodlines
42:31 Chain Barding Armor
42:47 Iron Casting
42:42 Husbandry
47:15 Blast Furnace
52:06 Plate Barding Armor
Pedro
11:14 Feudal Age
14:48 Castle Age
13:28 Double-Bit Axe
13:45 Horse Collar
14:59 Loom
14:59 Town Watch
18:12 Scale Mail Armor
18:23 Forging
18:10 Pikeman
19:37 Chain Mail Armor
19:31 Gold Mining
21:54 Gambesons
22:52 Iron Casting
25:13 Padded Archer Armor
25:00 Elite Skirmisher
25:41 Fletching
41:51 Imperial Age
42:10 Bodkin Arrow
42:30 Leather Archer Armor
42:05 Capped Ram
43:23 Bracer
45:35 Chemistry
45:57 Conscription
48:03 Bogsveigar
c0912105532
10:53 Feudal Age
14:27 Castle Age
12:49 Double-Bit Axe
13:09 Horse Collar
15:21 Bow Saw
15:25 Heavy Plow
20:40 Wheelbarrow
21:49 Loom
23:17 Hand Cart
25:02 Stone Mining
25:04 Gold Mining
26:51 Fletching
27:28 Bodkin Arrow
31:24 Bloodlines
31:14 Husbandry
33:10 Husbandry
36:41 Crossbowman
51:49 Imperial Age
52:08 Imperial Age
49:13 Light Cavalry
50:02 Scale Barding Armor
50:07 Forging
51:05 Chain Barding Armor
52:16 Iron Casting
52:36 Gold Shaft Mining
52:08 Hussar
53:28 Plate Barding Armor
櫻道花炎
11:46 Feudal Age
12:31 Double-Bit Axe
15:11 Castle Age
13:41 Horse Collar
13:57 Loom
17:09 Wheelbarrow
16:26 Fletching
18:52 Bodkin Arrow
24:25 Ballistics
31:15 Imperial Age
30:55 Gold Mining
31:54 Padded Archer Armor
32:09 Bracer
34:15 Chemistry
35:17 Conscription
37:14 Leather Archer Armor
38:38 Gold Shaft Mining
39:09 Elite Longbowman
41:11 Ring Archer Armor
41:15 Hand Cart
41:23 Fortified Wall
42:19 Yeomen
42:22 Town Watch
42:45 Murder Holes
42:58 Scale Mail Armor
45:54 Warwolf
47:03 Stone Mining
48:15 Scale Mail Armor
48:25 Forging
49:02 Hoardings
49:38 Squires
49:02 Pikeman
50:20 Chain Mail Armor
50:40 Iron Casting
50:51 Halberdier
54:58 Hoardings
53:54 Sappers
54:50 Illumination
54:38 Masonry
54:09 Treadmill Crane
Connection lost

Rejoining the realm…

Still unreachable

The connection could not be restored.

Session expired

The server has moved on; the page needs a fresh start.